Map: Heavy Artillery LE

Players

Misong

  • Race: Terran Terran
  • Spawn Location: 7:00

NickoNomNom

  • Race: Zerg Zerg
  • Spawn Location: 7:00

Massa - Winner!

  • Race: Terran Terran
  • League: Gold
  • Spawn Location: 3:00

qqq - Winner!

  • Race: Protoss Protoss
  • League: Platinum
  • Spawn Location: 1:00

VOD

Have the link to the VOD?

Description

Time

  • Played on: July 25, 2020, 7:36 a.m.
  • Length: 8:36
Show
View Real Time Build Order
Export as new Build Order

Misong Terran 

Build Orders: Reaper Expand 

Get SALT Encoding   

  12  0:00  SCV  
  13  0:13  SCV  
  14  0:17  Supply Depot  
  14  0:25  SCV  
  15  0:38  SCV  
  15  0:41  Barracks  
  16  0:49  Refinery  
  16  0:50  SCV  
  17  1:02  SCV  
  18  1:15  SCV  
  19  1:27  Orbital Command  
  19  1:32  Reaper  
  20  1:39  Command Center  
  20  1:54  SCV  
  21  2:04  Barracks  
  21  2:07  Refinery  
  21  2:11  Barracks Reactor, SCV  
  22  2:22  Supply Depot  
  22  2:23  SCV  
  23  2:30  Factory  
  23  2:44  SCV  
  24  2:48  Marine  
  24  2:49  Marine  
  26  2:55  Orbital Command  
  26  2:58  Barracks Tech Lab  
  26  3:02  SCV  
  25  3:16  Marine  
  21  3:38  Marauder  
  23  3:56  Marine x2  
  23  3:59  Marine  
  26  4:11  Starport  
  26  4:14  SCV, Marine  
  28  4:20  Stimpack  
  28  4:22  SCV  
  29  4:26  SCV  
  30  4:32  Marine  
  30  4:33  Marine x2  
  30  4:34  SCV  
  30  4:38  SCV  
  35  4:46  SCV  
  35  4:50  SCV, Marine  
  38  4:55  Starport Reactor  
  38  4:56  Factory Tech Lab  
  38  4:58  SCV  
  38  4:59  Marine x2  
  40  5:02  SCV  
  42  5:07  Marine  
  42  5:10  Supply Depot  
  42  5:11  Supply Depot  
  42  5:13  SCV  
  44  5:14  SCV  
  44  5:15  Engineering Bay  
  44  5:16  Engineering Bay  
  44  5:18  Marine  
  46  5:31  SCV, Marine x2  
  49  5:37  Command Center, Medivac x2  
  53  5:46  Barracks  
  53  5:48  Barracks  
  53  5:49  Marine  
  54  5:52  SCV, Barracks  
  54  5:53  SCV  
  56  6:03  Terran Infantry Armor Level 1, Terran Infantry Weapons Level 1  
  56  6:06  Armory  
  55  6:18  Marine x3  
  58  6:35  Marine  
  58  6:36  Marine x2  
  61  6:43  Marine  
  62  6:49  Missile Turret  
  62  6:51  Missile Turret  
  62  6:58  Missile Turret  
  62  7:27  Marine x2  
  62  7:29  Marine x4, Medivac x2  
  70  7:31  Supply Depot  
  70  7:45  Supply Depot  
  70  7:47  Supply Depot  
  70  7:48  Supply Depot  
  70  7:53  Marine x6  
  68  8:10  Marine x6  
Show
View Real Time Build Order
Export as new Build Order

NickoNomNom Zerg 

Build Orders: Hatch First 

Get SALT Encoding   

  12  0:01  Drone  
  13  0:13  Overlord  
  13  0:23  Drone  
  14  0:47  Drone x3  
  17  0:59  Hatchery  
  16  1:04  Drone  
  17  1:17  Drone  
  18  1:19  Extractor  
  18  1:21  Spawning Pool  
  18  1:22  Drone  
  17  1:46  Drone  
  18  1:47  Drone  
  19  1:54  Drone  
  20  2:06  Drone  
  21  2:11  Queen x2  
  25  2:24  Extractor  
  24  2:41  Drone  
  24  2:42  Drone x2  
  24  2:43  Drone  
  28  2:46  Overlord  
  28  3:05  Extractor  
  28  3:06  Extractor  
  26  3:28  Drone x10  
  36  4:00  Overlord x3  
  36  4:29  Drone x9  
  45  4:34  Lair  
  45  5:21  Overlord x3  
  45  5:31  Drone x3  
  48  5:39  Drone x2, Spire  
  48  5:41  Spire  
  48  6:23  Queen  
  48  6:29  Overlord x7  
  48  6:39  Overlord x2  
  46  6:50  Spore Crawler  
  46  6:51  Spore Crawler  
  46  6:52  Spore Crawler  
  43  7:00  Mutalisk  
  43  7:01  Mutalisk x10  
  67  7:08  Mutalisk  
  65  7:24  Spore Crawler  
  65  7:25  Queen, Spore Crawler  
  65  7:26  Spore Crawler  
  65  7:27  Queen  
  66  7:33  Overlord x2  
  66  7:34  Overlord  
  66  8:02  Mutalisk x5  
Show
View Real Time Build Order
Export as new Build Order

Massa Terran - Winner!

Build Orders:  

Get SALT Encoding   

  12  0:01  SCV  
  13  0:14  SCV  
  14  0:26  SCV  
  14  0:27  Supply Depot  
  15  0:38  Refinery  
  15  0:48  SCV  
  16  0:51  Barracks  
  16  1:00  SCV  
  17  1:12  SCV  
  18  1:24  SCV  
  19  1:36  SCV  
  20  1:40  Reaper  
  20  1:43  Command Center  
  21  1:53  Orbital Command  
  21  2:10  Barracks  
  21  2:13  Reaper  
  22  2:23  Supply Depot  
  22  2:26  SCV, Supply Depot  
  23  2:32  Refinery  
  23  2:44  SCV  
  23  2:45  Reaper  
  25  2:56  SCV  
  26  3:08  SCV  
  26  3:44  Marine  
  27  3:58  SCV x2  
  30  4:10  SCV x2  
  31  4:22  SCV x2, Supply Depot  
  31  4:23  Barracks Tech Lab  
  33  4:25  Supply Depot  
  33  4:27  Barracks Tech Lab  
  33  4:31  Factory  
  33  4:34  SCV  
  33  4:35  Orbital Command  
  34  4:45  Refinery  
  34  4:46  SCV  
  34  4:52  Barracks  
  34  4:53  Stimpack  
  34  4:56  Marauder  
  34  4:57  Marauder  
  34  4:58  SCV  
  39  5:10  SCV  
  39  5:13  SCV  
  41  5:18  Factory Tech Lab, Marauder  
  41  5:19  Marauder  
  45  5:21  Concussive Shells  
  45  5:23  SCV  
  45  5:25  SCV  
  45  5:28  Engineering Bay  
  47  5:31  Armory  
  47  5:35  SCV  
  48  5:37  Starport  
  48  5:39  Marauder  
  48  5:40  Marauder  
  52  5:48  Barracks Tech Lab  
  52  5:54  Engineering Bay  
  52  5:56  Refinery  
  52  5:57  Siege Tank  
  52  6:00  Marauder  
  52  6:02  Marauder  
  59  6:20  Marauder  
  59  6:22  Marauder  
  59  6:23  Marauder  
  65  6:29  Medivac  
  67  6:39  Supply Depot  
  67  6:40  Supply Depot  
  67  6:41  Marauder, Supply Depot  
  69  7:01  Marauder x2, Siege Tank  
  76  7:02  Marauder  
  76  7:04  Supply Depot  
  76  7:05  Barracks  
  76  7:06  Supply Depot  
  76  7:08  Supply Depot  
  78  7:17  Medivac  
  84  7:22  Marauder x2  
  84  7:24  Marauder  
  84  7:28  Missile Turret  
  86  7:31  Missile Turret  
  86  7:32  Missile Turret  
  86  7:39  Siege Tank  
  93  7:44  Marauder x2  
  93  7:45  Marauder  
  95  8:05  Marauder x2  
  99  8:07  Marauder  
  54  8:32  Barracks Reactor  
Show
View Real Time Build Order
Export as new Build Order

qqq Protoss - Winner!

Build Orders: 1 Gate Expand, Phoenix Opening, Mass Phoenix 

Get SALT Encoding   

  12  0:03  Probe  
  13  0:15  Probe  
  13  0:19  Pylon  
  14  0:27  Probe  
  15  0:38  Pylon  
  15  0:40  Probe  
  16  0:52  Probe  
  16  0:56  Gateway  
  17  1:07  Pylon  
  17  1:12  Pylon  
  17  1:34  Nexus  
  17  1:48  Cybernetics Core  
  17  1:49  Probe, Assimilator  
  18  1:56  Assimilator  
  18  2:01  Probe  
  19  2:13  Probe  
  20  2:25  Probe  
  21  2:31  Pylon  
  21  2:38  Probe  
  22  2:45  Probe  
  22  2:49  Stargate  
  22  2:50  Probe  
  24  2:58  Probe  
  25  3:01  Forge  
  25  3:10  Probe  
  26  3:19  Stargate  
  26  3:22  Probe  
  27  3:34  Probe  
  27  3:39  Photon Cannon, Phoenix  
  30  3:46  Probe  
  31  3:58  Probe  
  32  4:05  Phoenix  
  34  4:10  Probe, Assimilator  
  34  4:13  Phoenix  
  34  4:14  Assimilator  
  37  4:22  Probe  
  38  4:27  Probe  
  39  4:34  Probe  
  40  4:39  Probe, Phoenix  
  40  4:43  Phoenix  
  45  4:46  Probe  
  45  4:51  Probe  
  47  4:56  Protoss Air Weapons Level 1  
  47  4:59  Probe  
  48  5:11  Probe  
  48  5:13  Phoenix  
  51  5:17  Phoenix  
  53  5:23  Probe  
  54  5:29  Phoenix  
  54  5:35  Probe, Phoenix  
  55  5:37  Nexus  
  55  5:39  Pylon  
  55  5:41  Pylon  
  57  5:47  Probe  
  60  5:59  Probe  
  60  6:00  Photon Cannon  
  60  6:01  Photon Cannon  
  60  6:04  Photon Cannon  
  61  6:11  Probe  
  62  6:23  Probe  
  63  6:47  Phoenix x2  
  67  7:02  Probe  
  66  7:12  Phoenix x2  
  66  7:14  Probe  
  71  7:26  Probe  
  72  7:37  Phoenix x2  
  72  7:38  Probe  
  75  7:50  Probe  
  76  8:02  Probe, Phoenix x2  
  81  8:14  Probe  
Tags
 
Add a new tag
Caveats
  • Supply blocks, unpowered buildings, or Contaminate may cause inaccurate times.
  • Supply counts are checked every 10 seconds.